 Dungeon Crawl Stone Soup version 0.21-a0-110-g8e1637b (webtiles) character file.

434882 Murumi the Warrior (level 23, -10/139 HPs)
             Began as a Gargoyle Fighter on July 6, 2017.
             Was a Priest of Elyvilon.
             Killed by the air
             ... invoked by a titan
              (33 damage)
             ... on level 5 of the Vaults on July 7, 2017.
             The game lasted 06:07:19 (62767 turns).

Murumi the Warrior (Gargoyle Fighter)              Turns: 62767, Time: 06:07:20

Health: -10/139    AC: 41    Str: 26    XL:     23   Next: 99%
Magic:  30/36      EV: 15    Int: 13    God:    Elyvilon [***...]
Gold:   3681       SH: 20    Dex: 11    Spells: 22/22 levels left

rFire    + . .     SeeInvis .   N - +6 eveningstar (flame)
rCold    + . .     Gourm    .   I - +0 shield "Rugull" {*Contam rElec rCorr Stlth+}
rNeg     + + .     Faith    .   F - +2 plate armour {rN+}
rPois    ∞         Spirit   .   a - +2 hat
rElec    +         Reflect  +   m - +0 cloak
rCorr    +         Harm     .   (no gloves)
MR       +....     Clarity  +   W - +1 pair of boots
Stlth    ..........             l - +4 amulet of reflection
HPRegen  0.33/turn              y - +3 ring of evasion
MPRegen  0.25/turn              P - ring of protection from cold

@: flying, starving
A: big wings, claws 1, thin skeletal structure 1, yellow scales 1, clarity,
deformed body, fire resistance 1, frail 1, negative energy resistance 1,
electricity resistance, unbreathing, petrification resistance, rot immunity, AC
+17
}: 2/15 runes: decaying, gossamer
a: Stop Flying, Lesser Healing, Heal Other, Purification, Divine Protection,
Renounce Religion


You were on level 5 of the Vaults.
You worshipped Elyvilon.
Elyvilon was most pleased with you.
You were starving.

You visited 8 branches of the dungeon, and saw 39 of its levels.
You also visited: Ossuary and Ice Cave.

You collected 4219 gold pieces.
You spent 538 gold pieces at shops.

Inventory:

Hand Weapons
 N - a +6 eveningstar of flaming (weapon)
Missiles
 e - 634 stones (quivered)
 t - 7 javelins of penetration
 L - a throwing net
Armour
 a - a +2 hat (worn)
 m - a +0 cloak (worn)
 F - a +2 plate armour of positive energy (worn)
 I - the +0 shield "Rugull" (worn) {*Contam rElec rCorr Stlth+}
   (You found it on level 1 of the Spider Nest)

   It insulates you from electricity.
   It causes magical contamination when unequipped.
   It protects you from acid and corrosion.
   It makes you more stealthy.
 W - a +1 pair of boots (worn)
Jewellery
 l - a +4 amulet of reflection (around neck)
 y - a +3 ring of evasion (left claw)
 P - a ring of protection from cold (right claw)
 U - a +3 ring of evasion
Wands
 i - a wand of confusion (40/48)
 k - a wand of paralysis (8/24)
 n - a wand of confusion (15/48)
 p - a wand of digging (14/24)
 s - a wand of disintegration (5/24)
 A - a wand of confusion (33/48)
 H - a wand of acid (7/15)
 J - a wand of paralysis (11/24)
 K - a wand of iceblast (7/15)
 M - a wand of acid (4/15)
 T - a wand of acid (8/15)
 Z - a wand of enslavement (9/24)
Scrolls
 h - 5 scrolls of amnesia
 j - 19 scrolls of remove curse
 o - a scroll of fear
 x - 4 scrolls of recharging
 G - 3 scrolls of identify
 Q - 2 scrolls of fog
 R - 2 scrolls of teleportation
 V - 8 scrolls of enchant armour
Potions
 b - 4 potions of might
 u - 3 potions of cancellation
 v - 5 potions of ambrosia
 w - 7 potions of haste
 z - 2 potions of heal wounds
 B - 13 potions of curing
 E - a potion of invisibility
 O - 3 potions of resistance
 S - a potion of lignification
 X - 4 potions of agility
 Y - 3 potions of brilliance
Comestibles
 f - 17 bread rations
 g - 56 fruits
 C - 9 royal jellies
 D - 8 meat rations


   Skills:
 - Level 19.0 Fighting
 - Level 17.0 Maces & Flails
 - Level 9.0 Throwing
 - Level 19.0 Armour
 - Level 9.1 Dodging
 - Level 19.0 Shields
 + Level 18.0 Invocations


You had 22 spell levels left.
You didn't know any spells.

Dungeon Overview and Level Annotations

Branches:
Dungeon (15/15)            Temple (1/1) D:6            Lair (6/6) D:11
  Swamp (4/4) Lair:4       Spider (4/4) Lair:2        Slime (0/5) Lair:5
    Orc (2/2) D:11            Elf (2/3) Orc:2        Vaults (5/5) D:13
  Crypt (0/3) Vaults:3     Depths (0/5) D:15

Altars:
Ashenzari
Cheibriados
Dithmenos
Elyvilon
Fedhas
Gozag
Hepliaklqana
Kikubaaqudgha
Makhleb
Nemelex Xobeh
Okawaru
Qazlal
Ru
Sif Muna
Trog
Uskayaw
Vehumet
Wu Jian
Xom
Yredelemnul
Zin
The Shining One
Beogh

Shops:
Orc:2 *[(=   Vaults:1 =

Annotations:
Lair:6 exclusion: oklob plant, Enroth's ghost, journeyman FeMo
Vaults:4 exclusion: door


Innate Abilities, Weirdness & Mutations

You are resistant to torment.
Your stone body is resilient. (AC +17)
You are immune to poison.
Your large and strong wings let you fly indefinitely.
You resist negative energy. (rN+)
You are resistant to electric shocks. (rElec)
You can survive without breathing.
You are immune to petrification.
You are immune to rotting.
You have sharp fingernails.
You have a somewhat thin skeletal structure. (Dex +2, Stealth)
You are partially covered in yellow scales. (AC +2)
You possess an exceptional clarity of mind.
Armour fits poorly on your strangely shaped body.
Your flesh is heat resistant. (rF+)
You are frail. (-10% HP)


Message History

You bludgeon the titan!! You burn the titan.
The titan is severely wounded.
The orc knight barely misses you. The titan hits you.
* * * LOW HITPOINT WARNING * * *
You hit the titan but do no damage.
The titan is severely wounded.
You block the stone giant's attack.
The orc knight hits you but does no damage.
The titan hits you!!
* * * LOW HITPOINT WARNING * * *
Press: ? - help, Dir - move target cursor, f/p - titan Heal: a titan (severely wounded)
You are healed.
You are starving!
You block the stone giant's attack.
The titan waves its arms in wide circles.
The air twists around and violently strikes you in flight!
The titan waves its arms in wide circles.
The air twists around and violently strikes you in flight!
You die...

. ...
##########..##.
((p(CDC@)......
......C.o......
###############


You could see an iron dragon, an ironheart preserver, 2 titans, a stone giant
and an orc knight.

Vanquished Creatures
  Mara (Vaults:4)
  Bai Suzhen (Vaults:4)
  Jorgrun (Elf:2)
  Asterion (Elf:2)
  A titan (Vaults:5)
  A quicksilver dragon (shapeshifter) (Vaults:3)
  A deep elf blademaster (Elf:2)
  3 sphinxes
  2 shadow dragons (Vaults:5)
  A storm dragon (Vaults:3)
  A tengu reaver (Vaults:5)
  2 thorn hunters
  Roxanne (Elf:2)
  An azure jelly (Swamp:4)
  3 frost giants
  Aizul (Elf:1)
  An orc warlord (Orc:2)
  15 vault wardens
  A ghoul (Vaults:5)
  4 ghost moths
  2 fire giants
  2 deep elf sorcerers
  2 deep elf elementalists
  8 emperor scorpions
  5 stone giants
  7 entropy weavers
  20 ironheart preservers
  Nessos (Lair:4)
  3 deep elf demonologists
  2 deep elf annihilators
  3 spark wasps
  A small abomination (Vaults:2)
  2 deep elf death magi
  A blizzard demon (IceCv)
  A crystal guardian (Vaults:2)
  3 ettins (Vaults:3)
  4 great orbs of eyes
  The ghost of Grim the Archer, a journeyman CeHu of Okawaru (Lair:4)
  2 deep elf high priests (Elf:1)
  A rakshasa (Vaults:2)
  5 yaktaur captains
  2 fire dragons
  Erolcha (D:10)
  5 ice dragons
  A merfolk avatar (Lair:6)
  25 vault guards
  2 ghost crabs (Swamp:2)
  11 hydras
  2 catoblepae (D:14)
  6 death knights
  7 centaur warriors
  A queen ant (Spider:4)
  26 dancing weapons
  12 ogre magi
  A two-headed ogre (shapeshifter) (Vaults:5)
  38 two-headed ogres
  14 alligators
  A deep troll earth mage (Vaults:4)
  4 deep troll shamans
  30 deep elf knights
  An orc high priest (Orc:1)
  Sonja (Lair:4)
  A fire crab (shapeshifter) (Vaults:3)
  5 flayed ghosts
  18 skeletal warriors
  A storm dragon skeleton (Vaults:2)
  3 unseen horrors
  3 shadow wraiths
  2 sea snakes (Lair:6)
  10 deep trolls
  A glowing orange brain (Vaults:2)
  7 swamp dragons
  4 wizards
  A spriggan druid (Swamp:2)
  5 shambling mangroves
  3 necromancers
  22 ironbrand convokers
  17 orc knights
  53 deep elf magi
  10 deep elf archers
  2 phantasmal warriors
  29 ugly things
  18 orb spiders
  3 harpies (Vaults:3)
  7 orc sorcerers
  39 wolf spiders
  2 salamanders (shapeshifter)
  A shining eye (shapeshifter) (Vaults:5)
  6 manticores
  49 slime creatures
  7 cyclopes
  2 moths of wrath (Spider:4)
  A fire giant skeleton (Vaults:3)
  A centaur zombie (D:12)
  2 black mambas
  2 elephants (Lair:6)
  Joseph (D:10)
  13 vault sentinels
  4 ice statues
  4 torpor snails
  21 spiny frogs
  A gargoyle (D:15)
  A yaktaur zombie (Vaults:1)
  7 rime drakes
  12 komodo dragons
  2 kobold demonologists
  27 yaktaurs
  8 demonic crawlers
  A yaktaur (shapeshifter) (Vaults:4)
  18 freezing wraiths
  A queen bee (shapeshifter) (Elf:1)
  12 ice devils (IceCv)
  A harpy zombie (Vaults:1)
  7 trolls
  2 human skeletons
  6 polar bears
  37 jumping spiders
  A yaktaur skeleton (Vaults:3)
  Prince Ribbit (D:9)
  3 meliai (Spider:3)
  A tengu conjurer (D:14)
  4 tyrant leeches
  Grinder (D:3)
  An ettin zombie (Vaults:3)
  24 hornets
  10 hippogriffs
  7 blink frogs
  8 bog bodies
  3 human simulacra (Vaults:1)
  A dream sheep (shapeshifter) (Vaults:5)
  2 fire giant simulacra
  An air elemental (Elf:1)
  110 redbacks
  2 vampires
  2 shadows
  9 wraiths
  6 water elementals
  Sigmund (D:3)
  9 spriggans
  45 tarantellas
  A human (Vaults:4)
  30 yaks
  2 fire elementals
  3 wyverns
  6 basilisks
  A wyvern (shapeshifter) (Elf:2)
  Grum (D:8)
  2 fire bats (Lair:3)
  6 hungry ghosts
  2 swamp worm simulacra (Swamp:4)
  34 vampire mosquitoes
  8 wargs
  14 hydra simulacra (Swamp:4)
  19 insubstantial wisps
  7 soldier ants (Spider:4)
  26 swamp worms
  2 acid dragons
  41 orc warriors
  7 porcupines
  14 water moccasins
  8 swamp drakes
  A black bear (shapeshifter) (D:13)
  2 ice beasts
  An ice beast (shapeshifter) (Vaults:1)
  2 phantoms
  2 black bears
  6 sky beasts
  2 eyes of draining
  36 ogres
  2 necrophages
  8 boggarts (Vaults:1)
  14 wolves
  28 centaurs
  13 crocodiles
  Blork the orc (Orc:2)
  3 elf zombies
  7 big kobolds
  17 bullfrogs
  A gnoll sergeant (D:7)
  10 earth elementals
  A glowing shapeshifter simulacrum (Vaults:2)
  A wyvern skeleton (D:9)
  6 scorpions
  5 killer bees (D:11)
  2 howler monkeys
  3 wights (D:10)
  7 electric eels
  3 crimson imps
  2 bullfrog zombies
  A quasit (D:13)
  6 hounds
  4 jellies
  5 centaur skeletons
  A gnoll shaman (D:4)
  21 orc priests
  39 orc wizards
  2 human zombies
  Jessica (D:2)
  Natasha (thrice) (D:4)
  3 iguanas
  36 worker ants
  A big kobold zombie (Ossuary)
  3 hound zombies
  2 hound skeletons
  4 mummies (Ossuary)
  10 gnolls
  26 adders
  3 shadow imps
  10 white imps (IceCv)
  3 ufetubi (IceCv)
  An ooze (D:3)
  6 swamp drake simulacra (Swamp:4)
  An adder zombie (Ossuary)
  3 worms
  7 dart slugs (D:4)
  10 leopard geckos
  142 orcs
  6 bats
  4 giant cockroaches
  8 goblins
  9 hobgoblins
  5 jackals
  15 kobolds
  5 quokkas
  A ball python (D:2)
  6 frilled lizards
  A giant cockroach zombie (D:5)
  2 goblin zombies (Ossuary)
  A hobgoblin zombie (Ossuary)
  A jackal zombie (Ossuary)
  3 kobold zombies (Ossuary)
  A quokka skeleton (D:3)
  3 rats (D:1)
  A plant (Lair:2)
1931 creatures vanquished.

Vanquished Creatures (others)
  A hydra (Lair:6)
  2 centaur warriors
  2 deep elf knights
  4 deep elf magi
  A polar bear (Lair:6)
  A bog body (Swamp:4)
  3 blink frogs (Swamp:2)
  A vampire mosquito (Swamp:1)
  An insubstantial wisp (Swamp:2)
  2 orc warriors (Vaults:5)
  A wolf (Lair:6)
  An ogre (Vaults:3)
  2 boggarts (Vaults:1)
  7 centaurs
  An orc priest (Vaults:1)
  Ijyb (D:3)
  A worker ant (D:10)
  5 white imps (IceCv)
  An ufetubus (IceCv)
  4 orcs
  A bush (Lair:6)
  28 fungi
  29 plants
100 creatures vanquished.

Grand Total: 2031 creatures vanquished

Notes
Turn   | Place    | Note
-------+----------+-------------------------------------------
     0 | D:1      | Murumi the Gargoyle Fighter began the quest for the Orb.
     0 | D:1      | Reached XP level 1. HP: 14/14 MP: 1/1
    60 | D:1      | Reached skill level 1 in Throwing
   140 | D:1      | Reached skill level 1 in Dodging
   140 | D:1      | Reached XP level 2. HP: 19/19 MP: 2/2
   347 | D:1      | Reached XP level 3. HP: 23/23 MP: 3/3
  1012 | D:2      | Noticed Jessica
  1019 | D:2      | Killed Jessica
  1019 | D:2      | Reached XP level 4. HP: 24/29 MP: 4/4
  1546 | D:3      | Reached XP level 5. HP: 24/33 MP: 5/5
  1673 | D:3      | Noticed Grinder
  1679 | D:3      | Paralysed by Grinder for 3 turns
  1685 | D:3      | Killed Grinder
  1685 | D:3      | Reached skill level 5 in Shields
  1685 | D:3      | Reached XP level 6. HP: 33/38 MP: 6/6
  2403 | D:3      | Found a shimmering altar of Xom.
  2417 | D:3      | Noticed Sigmund
  2433 | D:3      | Killed Sigmund
  2433 | D:3      | Reached XP level 7. HP: 35/43 MP: 7/7
  2751 | D:3      | Noticed Ijyb
  2759 | D:3      | Killed Ijyb
  3075 | D:4      | Noticed Natasha
  3088 | D:4      | Killed Natasha
  3199 | D:4      | Noticed Natasha
  3217 | D:4      | Killed Natasha
  3253 | D:4      | Reached skill level 5 in Fighting
  3531 | D:4      | Reached skill level 5 in Armour
  3531 | D:4      | Reached XP level 8. HP: 29/49 MP: 8/8
  3674 | D:4      | Found an iron altar of Okawaru.
  3674 | D:4      | Found a shadowy altar of Dithmenos.
  3691 | D:4      | Found a hide-covered altar of Uskayaw.
  3701 | D:4      | Found an ornate altar of the Wu Jian Council.
  4325 | D:4      | Noticed Natasha
  4333 | D:4      | Killed Natasha
  4473 | D:5      | Entered Level 5 of the Dungeon
  4621 | D:5      | Reached skill level 5 in Maces & Flails
  4866 | D:5      | Found a hide-covered altar of Uskayaw.
  4881 | D:5      | Found a blossoming altar of Fedhas.
  5395 | D:5      | Reached XP level 9. HP: 37/57 MP: 9/9
  5989 | D:6      | Found a staircase to the Ecumenical Temple.
  6045 | Temple   | Entered the Ecumenical Temple
  6109 | Temple   | Became a worshipper of Elyvilon the Healer
  6577 | D:6      | Gained mutation: Your muscles are strong. (Str +2) [mutagenic meat]
  6578 | D:6      | Gained mutation: You are partially covered in yellow scales. (AC +2) [mutagenic meat]
  6579 | D:6      | Gained mutation: You are partially covered in rugged brown scales. (AC +1, +3% HP) [mutagenic meat]
  6580 | D:6      | Gained mutation: Your flesh is cold resistant. (rC+) [mutagenic meat]
  6730 | D:7      | Found a sand-covered staircase.
  6734 | Ossuary  | Entered an ossuary
  7006 | Ossuary  | Reached XP level 10. HP: 65/65 MP: 10/10
  7007 | Ossuary  | Reached skill level 15 in Shields
  7007 | Ossuary  | Reached XP level 11. HP: 70/70 MP: 11/11
  7065 | D:7      | Reached * piety under Elyvilon
  7103 | D:7      | Reached skill level 1 in Invocations
  8086 | D:8      | Found a glowing silver altar of Zin.
  8130 | D:8      | Reached ** piety under Elyvilon
  8139 | D:8      | Found an ancient bone altar of Kikubaaqudgha.
  8428 | D:8      | Noticed a two-headed ogre
  8434 | D:8      | Noticed Grum
  8448 | D:8      | Killed a two-headed ogre
  8456 | D:8      | Killed Grum
  8456 | D:8      | Reached skill level 5 in Invocations
  8983 | D:8      | Gained mutation: You are mostly covered in yellow scales. (AC +3) [mutagenic meat]
  8985 | D:8      | Gained mutation: You expend magic power (3 MP) to strengthen your wands. [mutagenic meat]
  8993 | D:8      | Lost mutation: Your flesh is cold resistant. (rC+) [mutagenic meat]
  9225 | D:9      | Noticed a two-headed ogre
  9242 | D:9      | Killed a two-headed ogre
  9242 | D:9      | Reached XP level 12. HP: 67/75 MP: 15/15
  9705 | D:9      | Found a glowing golden altar of the Shining One.
  9810 | D:9      | Noticed Prince Ribbit
 10313 | D:9      | Reached *** piety under Elyvilon
 11077 | D:9      | Found a glowing golden altar of the Shining One.
 11479 | D:9      | Killed Prince Ribbit
 11531 | D:10     | Entered Level 10 of the Dungeon
 11591 | D:10     | Noticed Joseph
 11612 | D:10     | Killed Joseph
 11650 | D:10     | Noticed Erolcha
 11661 | D:10     | Killed Erolcha
 12028 | D:10     | Noticed a two-headed ogre
 12039 | D:10     | Killed a two-headed ogre
 12593 | D:11     | Noticed a two-headed ogre
 12606 | D:11     | Killed a two-headed ogre
 12801 | D:11     | Reached XP level 13. HP: 54/80 MP: 19/19
 13174 | D:11     | Found a staircase to the Orcish Mines.
 13181 | D:11     | Found a staircase to the Lair.
 13472 | Lair:1   | Entered Level 1 of the Lair of Beasts
 13523 | Lair:1   | Reached **** piety under Elyvilon
 14440 | Lair:2   | Found a hole to the Spider Nest.
 14568 | Lair:2   | Reached ***** piety under Elyvilon
 16491 | Lair:4   | Noticed Sonja
 16655 | Lair:4   | Found a staircase to the Swamp.
 17372 | Lair:4   | Noticed Grim's ghost (journeyman CeHu)
 17400 | Lair:4   | Killed Sonja
 17411 | Lair:4   | Killed Grim's ghost
 17411 | Lair:4   | Reached skill level 10 in Fighting
 17527 | Lair:4   | Reached ****** piety under Elyvilon
 17672 | Lair:4   | Noticed Nessos
 17707 | Lair:4   | Killed Nessos
 18219 | Lair:5   | Gained mutation: Your large and strong wings let you fly indefinitely. [Gargoyle growth]
 18219 | Lair:5   | Reached XP level 14. HP: 81/90 MP: 20/20
 18276 | Lair:4   | Reached skill level 10 in Armour
 18881 | Lair:5   | Found a staircase to the Slime Pits.
 19199 | Lair:6   | Entered Level 6 of the Lair of Beasts
 19208 | Lair:6   | Reached skill level 10 in Invocations
 19490 | Lair:6   | Noticed Enroth's ghost (journeyman FeMo)
 21013 | Lair:6   | HP: 1/92 [Enroth's ghost (10)]
 21736 | Orc:1    | Entered Level 1 of the Orcish Mines
 22122 | Orc:1    | Found a roughly hewn altar of Beogh.
 22302 | Orc:2    | Entered Level 2 of the Orcish Mines
 22415 | Orc:2    | Found a staircase to the Elven Halls.
 22441 | Orc:1    | Reached skill level 10 in Maces & Flails
 22608 | Orc:2    | Noticed Blork the orc
 22625 | Orc:2    | Killed Blork the orc
 23037 | Orc:2    | Noticed an orc warlord
 23204 | Orc:2    | Reached skill level 5 in Throwing
 23233 | Orc:1    | Reached XP level 15. HP: 96/96 MP: 23/23
 23322 | Orc:2    | Found a roughly hewn altar of Beogh.
 23417 | Orc:2    | Killed an orc warlord
 23481 | Orc:2    | Found Todgh's Antique Weapon Shop.
 23518 | Orc:2    | Found Xobo's General Store.
 23533 | Orc:2    | Bought a scroll of identify for 20 gold pieces
 23533 | Orc:2    | Bought a +1 shield of reflection for 135 gold pieces
 23732 | Orc:2    | Found Ratu's Jewellery Shop.
 23756 | Orc:2    | Found Vuirgh's Antique Armour Shop.
 23983 | Orc:2    | Found a bloodstained altar of Trog.
 24267 | D:12     | Found a stormy altar of Qazlal.
 25599 | D:13     | Found a hide-covered altar of Uskayaw.
 25963 | D:13     | Lost mutation: You expend magic power (3 MP) to strengthen your wands. [mutagenic meat]
 26136 | D:13     | Found a gate to the Vaults.
 27994 | D:14     | Gained mutation: Your body sometimes deteriorates upon taking damage. [mutagenic meat]
 27995 | D:14     | Lost mutation: Your muscles are strong. (Str +2) [mutagenic meat]
 28056 | D:14     | Reached XP level 16. HP: 96/104 MP: 25/25
 28181 | D:14     | You are sucked into a shaft!
 28181 | D:15     | Entered Level 15 of the Dungeon
 28769 | D:14     | Reached skill level 5 in Dodging
 28803 | D:14     | Found a blossoming altar of Fedhas.
 29415 | D:15     | Found a staircase to the Depths.
 29685 | D:15     | Gained mutation: Your flesh is heat resistant. (rF+) [mutagenic meat]
 29686 | D:15     | Gained mutation: You possess an exceptional clarity of mind. [mutagenic meat]
 29687 | D:15     | Lost mutation: Your body sometimes deteriorates upon taking damage. [mutagenic meat]
 30169 | Spider:1 | Entered Level 1 of the Spider Nest
 30780 | Spider:1 | Got a slimy shield
 30791 | Spider:1 | Identified the cursed +0 shield "Rugull" {*Contam rElec rCorr Stlth+} (You found it on level 1 of the Spider Nest)
 31264 | Orc:2    | Bought a +3 amulet of reflection for 266 gold pieces
 33251 | Spider:2 | Reached XP level 17. HP: 114/114 MP: 26/26
 35188 | Spider:4 | Entered Level 4 of the Spider Nest
 36209 | Spider:4 | Upgraded the game from 0.21-a0-104-g7b58145 to 0.21-a0-110-g8e1637b
 37419 | Spider:4 | Reached skill level 15 in Fighting
 37717 | Spider:4 | Reached XP level 18. HP: 122/122 MP: 28/28
 37784 | Spider:4 | Reached skill level 15 in Armour
 37951 | Spider:3 | HP: 4/122 [wolf spider (9)]
 37951 | Spider:3 | HP: 1/122 [something (3)]
 37981 | Spider:3 | Reached XP level 19. HP: 18/127 MP: 0/29
 37984 | Spider:3 | Gained mutation: You are agile. (Dex +2) [mutagenic meat]
 37985 | Spider:3 | Gained mutation: You have a pair of small horns on your head. [mutagenic meat]
 37986 | Spider:3 | Gained mutation: You do not regenerate when monsters are visible. [mutagenic meat]
 38406 | Spider:3 | Gained mutation: You are robust. (+10% HP) [mutagenic meat]
 39115 | Spider:4 | Reached skill level 15 in Invocations
 39617 | Spider:4 | Gained mutation: Scrolls take you a little longer to read. [mutagenic meat]
 39619 | Spider:4 | Lost mutation: You possess an exceptional clarity of mind. [mutagenic meat]
 39621 | Spider:4 | Lost mutation: You are partially covered in rugged brown scales. (AC +1, +3% HP) [mutagenic meat]
 39623 | Spider:4 | Lost mutation: Scrolls take you a little longer to read. [potion of mutation]
 39623 | Spider:4 | Lost mutation: You have a pair of small horns on your head. [potion of mutation]
 39623 | Spider:4 | Lost mutation: You are robust. (+10% HP) [potion of mutation]
 39623 | Spider:4 | Lost mutation: Your flesh is heat resistant. (rF+) [potion of mutation]
 39623 | Spider:4 | Gained mutation: Your body sometimes deteriorates upon taking damage. [potion of mutation]
 39623 | Spider:4 | Lost mutation: Your body sometimes deteriorates upon taking damage. [potion of mutation]
 39623 | Spider:4 | Gained mutation: You possess an exceptional clarity of mind. [potion of mutation]
 39624 | Spider:4 | Lost mutation: You possess an exceptional clarity of mind. [potion of mutation]
 39624 | Spider:4 | Lost mutation: You are agile. (Dex +2) [potion of mutation]
 39624 | Spider:4 | Lost mutation: You do not regenerate when monsters are visible. [potion of mutation]
 39624 | Spider:4 | Gained mutation: You can translocate small distances at will. [potion of mutation]
 39624 | Spider:4 | Gained mutation: Your mind is acute. (Int +2) [potion of mutation]
 39750 | Spider:4 | Got a gossamer rune of Zot
 40042 | Swamp:1  | Entered Level 1 of the Swamp
 40587 | Lair:4   | Gained mutation: Your magical capacity is low. (-10% MP) [mutagenic meat]
 40588 | Lair:4   | Gained mutation: You tend to lose your temper in combat. [mutagenic meat]
 40589 | Lair:4   | Lost mutation: Your magical capacity is low. (-10% MP) [mutagenic meat]
 40590 | Lair:4   | Gained mutation: You have an increased reservoir of magic. (+10% MP) [mutagenic meat]
 42666 | Swamp:2  | Lost mutation: Your mind is acute. (Int +2) [potion of mutation]
 42666 | Swamp:2  | Lost mutation: You have an increased reservoir of magic. (+10% MP) [potion of mutation]
 42666 | Swamp:2  | Lost mutation: You can translocate small distances at will. [potion of mutation]
 42666 | Swamp:2  | Lost mutation: You are mostly covered in yellow scales. (AC +3) [potion of mutation]
 42666 | Swamp:2  | Lost mutation: You tend to lose your temper in combat. [potion of mutation]
 42666 | Swamp:2  | Gained mutation: You have sharp fingernails. [potion of mutation]
 42666 | Swamp:2  | Gained mutation: You have very sharp fingernails. [potion of mutation]
 42666 | Swamp:2  | Gained mutation: You are frail. (-10% HP) [potion of mutation]
 42666 | Swamp:2  | Gained mutation: Your muscles are strong. (Str +2) [potion of mutation]
 44568 | Swamp:4  | Entered Level 4 of the Swamp
 45002 | Swamp:4  | Reached XP level 20. HP: 117/117 MP: 31/31
 45541 | Swamp:4  | Got a decaying rune of Zot
 45916 | Swamp:4  | Identified the Catalogue of Vitriolic Bewitchment
 46309 | Vaults:1 | Entered Level 1 of the Vaults
 47181 | Vaults:1 | Paralysed by a wizard for 7 turns
 47613 | Vaults:1 | Paralysed by an orc sorcerer for 3 turns
 48560 | Vaults:1 | Found Rakoir's Jewellery Boutique.
 48575 | Vaults:1 | Bought a cursed amulet of inaccuracy for 36 gold pieces
 48575 | Vaults:1 | Bought a cursed ring of loudness for 81 gold pieces
 49743 | Vaults:2 | Gained mutation: You are partially covered in large bone plates. (SH +4) [mutagenic meat]
 49748 | Vaults:2 | Gained mutation: You passively map a small area around you. [mutagenic meat]
 49753 | Vaults:2 | Gained mutation: You passively map the area around you. [mutagenic meat]
 49755 | Vaults:2 | Lost mutation: You are frail. (-10% HP) [mutagenic meat]
 50501 | Vaults:2 | Reached XP level 21. HP: 48/136 MP: 33/33
 51492 | Vaults:3 | Found a shimmering altar of Xom.
 51520 | Vaults:3 | Reached skill level 15 in Maces & Flails
 51532 | Vaults:3 | Paralysed by a sphinx for 6 turns
 53218 | Vaults:3 | Found a staircase to the Crypt.
 53218 | Vaults:3 | Found an ancient bone altar of Kikubaaqudgha.
 53219 | Vaults:3 | Found a basalt altar of Yredelemnul.
 53587 | Vaults:3 | Gained mutation: You have large cloven feet. [mutagenic meat]
 53589 | Vaults:3 | Gained mutation: Your muscles are very strong. (Str +4) [mutagenic meat]
 53785 | Vaults:3 | Reached XP level 22. HP: 67/147 MP: 34/34
 55142 | Vaults:4 | Gained mutation: You are robust. (+10% HP) [mutagenic meat]
 55143 | Vaults:4 | Gained mutation: Potions are less effective at restoring your health. [mutagenic meat]
 55144 | Vaults:4 | Gained mutation: You are agile. (Dex +2) [mutagenic meat]
 55145 | Vaults:4 | Lost mutation: You are robust. (+10% HP) [mutagenic meat]
 55149 | Vaults:4 | Lost mutation: Your muscles are very strong. (Str +4) [mutagenic meat]
 55266 | Vaults:4 | Paralysed by a wizard for 4 turns
 56173 | Vaults:4 | Gained mutation: You tend to lose your temper in combat. [mutagenic meat]
 56175 | Vaults:4 | Lost mutation: You have large cloven feet. [mutagenic meat]
 56176 | Vaults:4 | Gained mutation: You are resistant to hostile enchantments. (MR+) [mutagenic meat]
 56415 | Vaults:4 | Noticed Mara
 56613 | Vaults:4 | Noticed Bai Suzhen
 56640 | Vaults:4 | Killed Bai Suzhen
 56866 | Vaults:4 | Noticed Murumi's illusion
 56919 | Vaults:4 | Killed Mara
 57537 | Elf:1    | Entered Level 1 of the Elven Halls
 57576 | Elf:1    | Reached XP level 23. HP: 142/152 MP: 36/36
 57928 | Elf:1    | Gained mutation: You are frail. (-10% HP) [mutagenic meat]
 57974 | Elf:1    | Lost mutation: You are frail. (-10% HP) [potion of mutation]
 57974 | Elf:1    | Lost mutation: Your muscles are strong. (Str +2) [potion of mutation]
 57974 | Elf:1    | Lost mutation: You are agile. (Dex +2) [potion of mutation]
 57974 | Elf:1    | Lost mutation: You tend to lose your temper in combat. [potion of mutation]
 57974 | Elf:1    | Lost mutation: You are partially covered in large bone plates. (SH +4) [potion of mutation]
 57974 | Elf:1    | Gained mutation: You have a somewhat thin skeletal structure. (Dex +2, Stealth) [potion of mutation]
 57975 | Elf:1    | Lost mutation: Potions are less effective at restoring your health. [potion of mutation]
 57975 | Elf:1    | Lost mutation: You are resistant to hostile enchantments. (MR+) [potion of mutation]
 57975 | Elf:1    | Lost mutation: You have very sharp fingernails. [potion of mutation]
 57975 | Elf:1    | Gained mutation: Armour fits poorly on your strangely shaped body. [potion of mutation]
 57975 | Elf:1    | Gained mutation: You have a moderately thin skeletal structure. (Dex +4, Stealth+) [potion of mutation]
 57976 | Elf:1    | Lost mutation: You have a moderately thin skeletal structure. (Dex +4, Stealth+) [potion of mutation]
 57976 | Elf:1    | Lost mutation: You passively map the area around you. [potion of mutation]
 57976 | Elf:1    | Lost mutation: You passively map a small area around you. [potion of mutation]
 57976 | Elf:1    | Gained mutation: Your flesh is heat resistant. (rF+) [potion of mutation]
 57976 | Elf:1    | Gained mutation: You possess an exceptional clarity of mind. [potion of mutation]
 58384 | Elf:1    | Noticed Aizul
 58403 | Elf:1    | Killed Aizul
 59056 | Elf:2    | Found a frozen archway.
 59134 | IceCv    | Entered an ice cave
 60089 | Elf:2    | Found a runed gate.
 60089 | Elf:2    | Found a runed gate.
 60091 | Elf:2    | Found a runed gate.
 60226 | Elf:2    | Noticed Roxanne
 60267 | Elf:2    | Killed Roxanne
 60377 | Elf:2    | Identified Roxanne's Collected Works on Transformation (You took it off Roxanne on level 2 of the Elven Halls)
 61135 | Elf:2    | Noticed Asterion
 61153 | Elf:2    | Noticed Jorgrun
 61154 | Elf:2    | Killed Asterion
 61181 | Elf:2    | Killed Jorgrun
 62219 | Vaults:5 | Entered Level 5 of the Vaults
 62756 | Vaults:5 | Gained mutation: You are frail. (-10% HP) [a shining eye]
 62767 | Vaults:5 | Killed from afar by a titan

Vault maps used:
D:1:      dpeg_arrival_orchard, minmay_tromino_v4_a
D:2:      first_bread, glass_columns_a, uniq_jessica
D:3:      nicolae_overflow_crystal_walls, uniq_ijyb, uniq_grinder, uniq_sigmund
D:4:      kennysheep_slugbush, nicolae_overflow_quartered_altars, uniq_natasha
D:5:      old_standard_altar, basic_altar
D:6:      minmay_temple_entry_purple_smoke
D:7:      enter_ossuary_5
D:8:      lemuel_doored_altar, nicolae_overflow_hidden_temple,
          blue_anna_alchemist, kennysheep_nondescript, serial_bayou_lagoon_b,
          uniq_grum
D:9:      marbit_many_paths, special_room, minmay_guarded_unrand_finisher,
          uniq_prince_ribbit1
D:10:     special_room, feat_on_display, uniq_erolcha, uniq_joseph
D:11:     david_lair_shrubbed, orc_0_dummy
D:12:     grunt_qazlal_sundering
D:13:     minmay_distorted_concentric_squares,
          lightli_vaults_fourway_checkpoint, basic_altar
D:14:     grunt_decor_mini_mirrors, nicolae_twisting_strands,
          kennysheep_flooded_box, minivault_27, hangedman_cracks_in_the_wall
D:15:     grunt_enter_depths_hoard, serial_park_tiny_1
Temple:   cyrus_circular_temple
Lair:1:   hangedman_lair_unloving_vines, grunt_megastairs_1, lemuel_fruit_tree
Lair:2:   spider_nest_entry_web_field, serial_bayou_shore_b,
          serial_bayou_shore_b
Lair:4:   minmay_lair_venomous_thicket, minmay_swamp_entry_swarm, uniq_sonja,
          uniq_nessos
Lair:5:   slime_dummy, columned_hall_lemuel, lemuel_old_faithful,
          infiniplex_staircase_pool_2
Lair:6:   gammafunk_lair_ancient_temple
Swamp:1:  wheals_swamp_sinkhole
Swamp:2:  evilmike_swamp_ruin_house_1
Swamp:3:  evilmike_swamp_ruin_house_3
Swamp:4:  swamp_icy, swamp_pool5
Spider:1: cheibrodos_forgotten_conduit
Spider:3: spider_trap
Spider:4: grunt_spider_rune_circles, minmay_another_anthill
Orc:1:    basic_altar
Orc:2:    grunt_orc_cross, basic_altar
Elf:1:    eino_elf_arrival_customs, orc_legates, grunt_megastairs_4, uniq_aizul
Elf:2:    portal_ice_cave_entry_ice_statue_two, serial_glass, glass_columns_b,
          glass_columns_a, uniq_jorgrun, uniq_asterion, uniq_roxanne
Vaults:1: ontoclasm_vaults_twist, v_misc_22, ontoclasm_vaults_gateway,
          hangedman_vaults_maws, v_misc_1, nicolae_vaults_ninety_degrees,
          nicolae_vaults_little_squares_6, dpeg_vaults_monster_box,
          nicolae_vaults_border_crossing, grunt_vaults_hallway_long,
          ontoclasm_vaults_shuriken, nicolae_vaults_what_the_h,
          nicolae_vaults_ring_of_whatevers, serial_shops,
          nicolae_shop_temple_entry_statues_fountains
Vaults:2: nicolae_vaults_little_squares_6, nicolae_vaults_little_squares_1,
          vaults_room_fancy_cross, nicolae_vaults_know_your_exits,
          vaults_room_stairs_pillars, ontoclasm_vaults_idyll,
          nicolae_vaults_little_squares_4, vaults_room_corners
Vaults:3: vaults_room_fours, nicolae_vaults_twisting_passages,
          nicolae_vaults_arrows, minmay_crypt_entry_necro_gods,
          nicolae_vaults_little_squares_6, hangedman_vaults_impose, v_misc_4,
          v_misc_10, ontoclasm_vaults_shout, hangedman_vaults_pinch,
          nicolae_vaults_ring_of_whatevers, vaults_dpeg_encased_lava,
          nicolae_vaults_circle_grid_a, mu_enter_wizlab_4, basic_altar
Vaults:4: vaults_dpeg_hooks, vaults_room_corners,
          nicolae_vaults_windows_and_doors_thing, nicolae_vaults_holding_cells,
          v_misc_19, vaults_mumra_chevron, v_misc_18,
          hangedman_vaults_restitches, v_alt_pattern_6,
          grunt_vaults_hallway_short, nicolae_vaults_stairing_the_circle,
          nicolae_vaults_ring_of_whatevers, nicolae_vaults_shelves_hall,
          ontoclasm_vaults_pinch, uniq_mara, uniq_bai_suzhen
Ossuary:  ossuary_minmay_tomb_2a
IceCv:    ice_cave_small_demon

Skill      XL: |  1  2  3  4  5  6  7  8  9 10 11 12 13 14 15 16 17 18 19 20 21 22 23 |
---------------+----------------------------------------------------------------------+-----
Throwing       | 1 2 3 5 6 7 8 9 |  9.0
Dodging        | 1 2 3 4 5 6 9 |  9.1
Maces & Flails | 3 4 5 7 9 10 11 12 13 14 15 16 17 | 17.0
Fighting       | 4 5 7 8 10 11 12 14 15 16 18 19 | 19.0
Armour         | 4 5 6 8 9 11 12 13 14 15 16 17 18 19 | 19.0
Shields        | 5 6 7 13 15 16 17 18 19 | 19.0
Invocations    | 5 8 9 11 13 14 15 16 17 18 | 18.0

Action                   |  1- 3 |  4- 6 |  7- 9 | 10-12 | 13-15 | 16-18 | 19-21 | 22-24 || total
-------------------------+-------+-------+-------+-------+-------+-------+-------+-------++-------
Melee: Flail             |   113 |   103 |   484 |  1134 |  2010 |       |       |       ||  3844
       Morningstar       |       |       |       |       |  1335 |  2044 |  3591 |  1450 ||  8420
       Headbutt          |       |       |       |       |       |       |    61 |       ||    61
       Eveningstar       |       |       |       |       |       |       |       |   362 ||   362
Throw: Stone             |    48 |    79 |   311 |   213 |   726 |   774 |   644 |   557 ||  3352
       Tomahawk          |       |     7 |    32 |    79 |    85 |    52 |   186 |   155 ||   596
Invok: Greater Healing   |       |       |       |       |    11 |     1 |    10 |    22 ||    44
       Lesser Healing    |       |       |       |       |     9 |    13 |     3 |     3 ||    28
       Heal Other        |       |       |       |       |     4 |       |       |       ||     4
 Abil: Fly               |       |       |       |       |     1 |       |       |       ||     1
Evoke: Wand              |       |       |       |       |    28 |       |       |       ||    28
  Use: Scroll            |     2 |     1 |    13 |     1 |    14 |     6 |    19 |    12 ||    68
       Potion            |       |     1 |     3 |     3 |     3 |     5 |     7 |     5 ||    27
 Stab: Paralysed         |       |       |       |       |     2 |       |       |       ||     2
       Confused          |       |       |       |       |     2 |       |       |       ||     2
       Distracted        |       |       |       |       |       |       |       |     1 ||     1
  Eat: Chunk             |     1 |     4 |    13 |    30 |    53 |    31 |    64 |    42 ||   238
       Meat ration       |       |       |     1 |       |     2 |     2 |     4 |     1 ||    10
       Royal jelly       |       |       |     1 |       |     3 |       |     1 |     2 ||     7
       Fruit             |       |       |       |       |     3 |       |       |       ||     3
Armor: Scale mail        |    25 |       |       |       |       |       |       |       ||    25
       Ring mail         |     8 |       |       |       |       |       |       |       ||     8
       Plate armour      |    53 |    69 |   333 |   562 |  1452 |  1423 |  1731 |   693 ||  6316
       Skin              |       |       |   277 |       |    51 |       |       |       ||   328
Dodge: Dodged            |    50 |    28 |   176 |   256 |  1167 |  1212 |  1489 |   591 ||  4969
Block: Shield            |     3 |       |       |   851 |  2463 |  2308 |  2771 |  1394 ||  9790
       Reflection        |       |       |       |       |    30 |    27 |     1 |    40 ||    98
